 Dungeon Crawl Stone Soup version 0.31.0-12-g77e489cdc1 (webtiles) character file.

Game seed: 10834567127951939773

135 Cheops the Ruffian (level 5, -19/49 HPs)
             Began as an Octopode Shapeshifter on Feb 24, 2024.
             Killed by an exploding orc (24 damage)
             ... ignited by their inner flame
             ... on level 3 of the Dungeon.
             The game lasted 00:06:01 (2455 turns).

Cheops the Ruffian (Octopode Shapeshifter)          Turns: 2455, Time: 00:06:02

Health: -19/49     AC: 22    Str: 13 (15) XL:     5   Next: 18%
Magic:  5/5        EV:  2    Int: 10 (12) God:
Gold:   131        SH:  0    Dex: 10 (12) Spells: 4/4 levels left

rFire   . .          .
                       - Unarmed
rCold   . . .        (no shield)
rNeg    . . .        (helmet currently unavailable)
rPois   +            (no amulet)
rElec   .            (no ring)
rCorr   .            (no ring)
SInv    .            (no ring)
Will    .....        (no ring)
Stlth   +            (no ring)
HPRegen 0.28/turn    (no ring)
MPRegen 0.09/turn    (no ring)
                     (no ring)

%: no passive effects
@: tree-form, weak-willed
A: stationary, stasis, torment immunity, boosted hp, almost no armour,
(amphibious), 8 rings, (camouflage 1), (gelatinous body 1), (nimble swimmer 1),
(tentacles)
a: no special abilities


You were on level 3 of the Dungeon.
You were a tree.
You visited 1 branch of the dungeon, and saw 3 of its levels.

You collected 131 gold pieces.

Inventory:

Talismans
 b - a beast talisman (active)
 c - a flux talisman
 d - a blade talisman
Wands
 n - a wand of mindburst (16)
Scrolls
 m - a scroll of poison
Potions
 f - a potion of enlightenment {unknown}
 g - a potion of heal wounds {unknown}
 h - a potion of curing {unknown}
 i - a potion of brilliance {unknown}


   Skills:
 - Level 1.0 Fighting
 - Level 2.0 Dodging
 - Level 5.0 Unarmed Combat
 + Level 3.9 Shapeshifting


You had 4 spell levels left.
You didn't know any spells.
Your spell library contained the following spells:

 Spells                   Type           Power      Damage    Failure   Level
 Sublimation of Blood     Necr           0%         N/A       50%         2
 Petrify                  Alch/Erth      0%         N/A       98%         4
 Irradiate                Conj/Alch      0%         3d11      100%        5


Dungeon Overview and Level Annotations

Branches:
Dungeon (3/15)

Altars:
Dithmenos
Zin

Annotations:
D:3 Grinder


Innate Abilities, Weirdness & Mutations

You are a tree.
Your roots penetrate the ground, keeping you stationary.
You cannot be teleported.
You are immune to unholy pain and torment.
Your maximum health is greatly increased.
You cannot wear most types of armour.
((You are amphibious.))
You can wear up to eight rings at the same time.
((Your skin changes colour to match your surroundings (Stealth+).))
((Your rubbery body absorbs attacks. (AC +1, EV +1)))
((You are camouflaged when in or above water. (Stealth+)))
((You have tentacles for arms and can constrict up to eight enemies at once.))


Message History

Unknown command.
Unknown command.
As you read the scroll labelled COOHEO OCVO, it crumbles to dust.
It is a scroll of identify.
m - a scroll of poison The orc hits you with a +0 dagger.
* * * LOW HITPOINT WARNING * * *
Okay, then.
Unknown command.
Unknown command.
Grinder blinks!
The orc attacks as it pursues you! The orc hits you with a +0 dagger.
* * * LOW HITPOINT WARNING * * *
Unknown command.
Unknown command.
Unknown command.
Unknown command.
As you read the scroll labelled DOUWIF DIBYENNA, it crumbles to dust.
A wave of despondency washes over your surroundings.
It was a scroll of vulnerability.
The orc barely misses you.
Unknown command.
Okay, then.
It was a potion of degeneration.
There was something very wrong with that liquid.
You feel weakened.
You feel dopey.
You feel clumsy. The orc hits you with a +0 dagger.
* * * LOW HITPOINT WARNING * * *
Unknown command.
Okay, then.
Unknown command.
Your transformation has ended.
You turn into a tree.
Your roots penetrate the ground.
Grinder blinks!
The orc hits you but does no damage.
Unknown command.
Unknown command.
You smack the orc!
The orc explodes!
The fiery explosion engulfs the orc!!
The fiery explosion engulfs you!!
You die...

****#.#**,,,,,,,,,,* #.....
##)############** #.....
##.############ #.....
********##.############ ####...).
,,,,,,,,##.############ #..'.....
,******,##.############ #.##.....
,* *,##.############ #.##..... ,*
*,##§##############.####### ,*
*,##..5o§§♣......##.#
,******,##############.##.#######
,,,,,,*,##############.##.......#
,,,,,,,,..############.########.#
*****,,,#.############....# #.#
***,..###############.# #.# *
*****,############### #.# #.# *
*,,,,,############### #.# #.#
***,***** #.#####.#


You could see Grinder and an orc (inner flame, weak-willed).

Vanquished Creatures
  An orc wizard (D:3)
  Robin (D:2)
  An adder (D:3)
  2 ribbon worms
  9 orcs
  5 endoplasms
  A giant cockroach (D:1)
  14 goblins
  12 hobgoblins
  4 jackals (D:3)
  2 quokkas
  6 ball pythons
  5 bats
  4 frilled lizards
  3 kobolds
  7 rats
77 creatures vanquished.

Notes
Turn   | Place    | Note
-------+----------+-------------------------------------------
     0 | D:1      | Cheops the Octopode Shapeshifter began the quest for the
                  | Orb.
     0 | D:1      | Reached XP level 1. HP: 13/13 MP: 1/1
   215 | D:1      | Reached XP level 2. HP: 18/18 MP: 2/2
   601 | D:1      | Reached skill level 4 in Unarmed Combat
   979 | D:2      | Reached XP level 3. HP: 12/23 MP: 3/3
  1159 | D:2      | Found a faded altar of an unknown god.
  1468 | D:2      | Noticed Robin
  1473 | D:2      | Killed Robin
  1492 | D:2      | Reached XP level 4. HP: 7/28 MP: 4/4
  2124 | D:3      | Found a glowing silver altar of Zin.
  2130 | D:3      | Reached skill level 5 in Unarmed Combat
  2138 | D:3      | Found a shadowy altar of Dithmenos.
  2246 | D:3      | Reached XP level 5. HP: 25/33 MP: 5/5
  2432 | D:3      | Noticed Grinder
  2455 | D:3      | Killed by an exploding orc... ignited by their inner flame

Illustrated notes

Levels and vault maps discovered:
D:1:      lightli_iron_boxes, layout_basic, minmay_misc_feat_square
D:2:      cheibrodos_pilgrimage, layout_loops_ring,
          dreamdust_ecumenical_altar_grove, supply_closet_lemuel,
          nicolae_concentric_dashed_squares_mild, corexii_hall_statues_x,
          uniq_robin
D:3:      layout_basic, jmf_multi_god_temple2, serial_corexii_hall,
          corexii_hall_statues_x, chequers_hall_statues_y, uniq_grinder

Skill      XL: |  1  2  3  4 |
---------------+-------------+-----
Unarmed Combat | 4 5 |  5.0
Fighting       | |  1.0
Dodging        | |  2.0
Shapeshifting  | |  3.9

Action                     |  1- 3 |  4- 6 || total
---------------------------+-------+-------++-------
  Melee: Unarmed           |    82 |    58 ||   140
         Constrict         |    15 |    10 ||    25
         Tentacles         |    13 |     6 ||    19
         Punch             |       |     1 ||     1
Ability: Begin Untransform |     1 |       ||     1
    Use: Scroll            |     2 |     4 ||     6
         Potion            |     1 |     2 ||     3
   Stab: Sleeping          |     7 |     5 ||    12
 Armour: Skin              |    47 |    23 ||    70
  Dodge: Dodged            |    40 |    18 ||    58
   Form: Beast             |     1 |       ||     1
